 Dungeon Crawl Stone Soup version 0.20.1-1-g8b1a95d (webtiles) character file.

555 renl the Conjurer (level 7, 4/50 HPs)
             Began as a Black Draconian Earth Elementalist on July 8, 2017.
             Was an Initiate of Vehumet.
             Quit the game on level 3 of the Dungeon.
             The game lasted 00:22:52 (3575 turns).

renl the Conjurer (DrEE)                            Turns: 3575, Time: 00:22:52

Health: 4/50       AC:  7    Str: 10    XL:     7   Next: 8%
Magic:  0/10       EV: 12    Int: 18    God:    Vehumet [......]
Gold:   110        SH:  0    Dex: 11    Spells: 6/10 levels left

rFire    + . .     SeeInvis .   t - +3 dagger (drain)
rCold    x . .     Gourm    .   (no shield)
rNeg     . . .     Faith    .   (armour unavailable)
rPois    .         Spirit   .   (helmet restricted)
rElec    +         Reflect  .   (no cloak)
rCorr    .         Harm     .   r - +0 pair of gloves (curse)
MR       .....                  (no boots)
Stlth    ++........             y - amulet of magic regeneration
Regen    0.2/turn               s - ring of fire
MPRegen  0.2/turn               (no ring)

@: no status effects
A: breathe lightning, unfitting armour, electricity resistance, cold-blooded, AC
+6
a: Breathe Lightning, Renounce Religion


You were on level 3 of the Dungeon.
You worshipped Vehumet.
Vehumet was noncommittal.
You were hungry.

You visited 2 branches of the dungeon, and saw 5 of its levels.

You collected 110 gold pieces.

Inventory:

Hand Weapons
 t - a +3 dagger of draining (weapon)
Missiles
 b - 98 stones (quivered)
Armour
 r - a cursed +0 pair of gloves (worn)
 z - a +0 buckler
Jewellery
 s - a ring of fire (left hand)
 y - an amulet of magic regeneration (around neck)
Wands
 v - a wand of iceblast (6/15)
Scrolls
 e - a scroll of amnesia {unknown}
 h - 4 scrolls of teleportation {unknown}
 i - 5 scrolls of identify {unknown}
 j - 4 scrolls of remove curse {unknown}
 n - 2 scrolls of enchant weapon {unknown}
 o - a scroll of fear {unknown}
 p - a scroll of immolation {unknown}
 w - a scroll of recharging {unknown}
Potions
 a - 2 potions of heal wounds {unknown}
 g - a potion of experience {unknown}
 k - a potion of brilliance {unknown}
 l - a potion of ambrosia {unknown}
 m - a potion of haste {unknown}
 u - a potion of curing {unknown}
 x - a potion of agility {unknown}
Books
 d - a book of Geomancy

   Spells                             Type                      Level
   a - Sandblast                      Earth                        1
   b - Passwall                       Transmutation/Earth          2
   c - Stone Arrow                    Conjuration/Earth            3
   d - Petrify                        Transmutation/Earth          4
   e - Lee's Rapid Deconstruction     Earth                        5
Comestibles
 c - 2 bread rations
 f - 4 chunks of flesh
 q - 2 meat rations


   Skills:
 - Level 1.7 Dodging
 - Level 1.7 Stealth
 - Level 2.0 Spellcasting
 + Level 5.7 Conjurations
   Level 1.0 Transmutations
 * Level 4.6 Earth Magic


You had 6 spell levels left.
You knew the following spells:

 Your Spells              Type           Power        Failure   Level  Hunger
a - Sandblast             Erth           ###...       2%          1    #......
b - Stone Arrow           Conj/Erth      ###...       6%          3    ###....


Dungeon Overview and Level Annotations

Branches:
Dungeon (4/15)             Temple (1/1) D:4

Altars:
Ashenzari
Cheibriados
Dithmenos
Fedhas
Gozag
Hepliaklqana
Kikubaaqudgha
Makhleb
Okawaru
Qazlal
Trog
Uskayaw
Vehumet
Yredelemnul
The Shining One

Shops:
D:4 [


Innate Abilities, Weirdness & Mutations

You can breathe wild blasts of lightning.
Your glossy black scales are hard. (AC +6)
You cannot fit into any form of body armour.
You are resistant to electric shocks. (rElec)
You are cold-blooded and may be slowed by cold attacks.


Message History

* * * LOW HITPOINT WARNING * * *
There is a stone staircase leading down here.
Casting: Stone Arrow
Confirm with . or Enter, or press ? or * to list all spells.
Aiming: Stone Arrow
Press: ? - help, Shift-Dir - straight line, f/p - orc warrior
Aim: an orc warrior, wielding a short sword and wearing a plate armour (almost dead)
The stone arrow hits the orc warrior.
You kill the orc warrior!
Vehumet accepts your kill.
You have reached level 7!
Your scales start taking on a glossy black colour.
You learn Air Magic much quicker.
You learn Earth Magic much slower.
Your Earth Magic skill decreases to level 4!
You can breathe wild blasts of lightning.
You feel insulated.
Welcome back, renl the Black Draconian Earth Elementalist.
Vehumet says: Let it end in hellfire!
Press ? for a list of commands and other information.
Are you sure you want to abandon this character and quit the game? (Confirm with "yes".)

.......# #...#####..#.#..##.##
....[).# #...#......#.#.......
.......# #...#.##...#.....####
)......# ########.##...#..8......
.)...(.# #......#.##...#.⌠....###
.......# #.####.#.##......8..)...
.......# #.##...[..........÷...).
#.###.####)...#.#.#.#.##.#...####
...............[@>#.#.#<.........
#.####..........#.#.#)##.#.######
#.# #.######.###.#.#.##.#.......
#.# #.#..........#.#.##.########
#.####.#.####.#####.#.##.#
...........##.#####.#.##.#
..##................#.##.#
####.#####.##.#######.##.#
.....#.(.#.##.# #.#.##.#


There were no monsters in sight!

Vanquished Creatures
  An orc warrior (D:3)
  An ogre (D:3)
  A scorpion (D:4)
  2 hounds (D:4)
  Ijyb (D:3)
  An iguana (D:4)
  2 worker ants (D:4)
  Robin (D:2)
  2 adders (D:2)
  2 oozes
  An adder skeleton (D:4)
  6 worms
  4 dart slugs
  4 leopard geckos
  3 orcs
  3 giant cockroaches
  13 hobgoblins
  9 jackals
  9 kobolds
  A ball python (D:3)
  7 bats
  6 frilled lizards
  18 goblins
  A leopard gecko skeleton (D:4)
  8 rats
107 creatures vanquished.

Notes
Turn   | Place    | Note
-------+----------+-------------------------------------------
     0 | D:1      | renl the Draconian Earth Elementalist began the quest for the Orb.
     0 | D:1      | Reached XP level 1. HP: 14/14 MP: 3/3
   134 | D:1      | Reached XP level 2. HP: 20/20 MP: 5/5
   502 | D:1      | Reached XP level 3. HP: 26/26 MP: 6/6
   507 | D:1      | Learned a level 3 spell: Stone Arrow
   934 | D:2      | Found a faded altar of an unknown god.
  1199 | D:2      | Reached skill level 1 in Conjurations
  1274 | D:2      | Reached XP level 4. HP: 33/33 MP: 3/7
  1404 | D:2      | Noticed Robin
  1447 | D:2      | Killed Robin
  1526 | D:2      | Reached skill level 2 in Conjurations
  2012 | D:3      | Reached XP level 5. HP: 38/38 MP: 8/8
  2036 | D:3      | Noticed a hand axe
  2036 | D:3      | Noticed a hand axe
  2040 | D:3      | Found a hide-covered altar of Uskayaw.
  2074 | D:3      | Noticed Ijyb
  2083 | D:3      | Killed Ijyb
  2083 | D:3      | Reached skill level 3 in Conjurations
  2568 | D:4      | Found Hotuh's Armour Emporium.
  2639 | D:4      | Reached skill level 4 in Conjurations
  2697 | D:3      | Noticed an ogre
  2709 | D:3      | Killed an ogre
  2709 | D:3      | Reached XP level 6. HP: 45/45 MP: 1/9
  2763 | D:4      | Reached skill level 5 in Conjurations
  2916 | D:4      | Reached skill level 5 in Earth Magic
  2922 | D:4      | Found a staircase to the Ecumenical Temple.
  2928 | Temple   | Entered the Ecumenical Temple
  3167 | Temple   | Became a worshipper of Vehumet
  3446 | D:4      | Noticed an orc warrior
  3554 | D:3      | HP: 1/45 [orc warrior/short sword (14)]
  3574 | D:3      | Killed an orc warrior
  3574 | D:3      | Your scales start taking on a glossy black colour.
  3574 | D:3      | Reached XP level 7. HP: 4/50 MP: 0/10
  3574 | D:3      | Gained mutation: You are resistant to electric shocks. (rElec) [Black Draconian growth]
  3575 | D:3      | Quit the game

Skill      XL: |  1  2  3  4  5  6 |
---------------+-------------------+-----
Earth Magic    | 4 4 |  4.6
Conjurations   | 1 2 4 5 |  5.7
Dodging        | |  1.7
Stealth        | |  1.7
Spellcasting   | |  2.0
Transmutations | |  1.0

Action                   |  1- 3 |  4- 6 |  7- 9 || total
-------------------------+-------+-------+-------++-------
Melee: Dagger            |    71 |   110 |       ||   181
       Tailslap          |     7 |     8 |       ||    15
 Cast: Sandblast         |     2 |    11 |       ||    13
       Stone Arrow       |     9 |    51 |     1 ||    61
 Stab: Sleeping          |     3 |     1 |       ||     4
  Eat: Chunk             |     3 |    13 |       ||    16
Armor: Skin              |    17 |    37 |       ||    54
Dodge: Dodged            |    26 |    63 |       ||    89
